 Dungeon Crawl Stone Soup version 0.31.0-11-ge490571c62 (webtiles) character file.

Game seed: 14866231030466928309

72 qw the Shooter (level 4, -8/25 HPs)
             Began as a Deep Elf Hunter on Feb 5, 2024.
             Mangled by an ogre
             ... wielding a +0 giant spiked club
              (33 damage)
             ... on level 2 of the Dungeon.
             The game lasted 00:00:29 (1230 turns).

qw the Shooter (Deep Elf Hunter)                    Turns: 1230, Time: 00:00:30

Health: -8/25      AC:  5    Str: 10    XL:     4   Next: 7%
Magic:  6/6        EV: 11    Int: 14    God:
Gold:   94         SH:  0    Dex: 18    Spells: 3/3 levels left

rFire   . . .        a - +0 shortbow
rCold   . . .        (shield currently unavailable)
rNeg    . . .        g - +0 ring mail
rPois   .            (no helmet)
rElec   .            (no cloak)
rCorr   .            (no gloves)
SInv    .            (no boots)
Will    .....        (no amulet)
Stlth   +            (no ring)
HPRegen 0.24/turn    (no ring)
MPRegen 0.10/turn

%: no passive effects
@: no status effects
A: no striking features
a: no special abilities


You were on level 2 of the Dungeon.
You visited 1 branch of the dungeon, and saw 2 of its levels.

You collected 94 gold pieces.


   Skills:
 - Level 1.5 Fighting
 + Level 7.5 Ranged Weapons
 - Level 2.4 Dodging
 - Level 1.2 Stealth


You had 3 spell levels left.
You didn't know any spells.
Your spell library was empty.

Inventory:

Hand Weapons
 a - a +0 shortbow (weapon)
Armour
 g - a +0 ring mail (worn)
Jewellery
 b - a ring of ice
Scrolls
 f - a scroll of teleportation {unknown}
 h - a scroll of identify
Potions
 c - a potion of lignification {unknown}
 d - a potion of ambrosia {unknown}
 i - a potion of might

Dungeon Overview and Level Annotations

Branches:
Dungeon (2/15)

Altars:


Message History

You see here an orb of mayhem.
You see here an orb of mayhem.
A kobold comes into view. It is wielding a +0 whip.
Found a stone staircase leading up.
Enter note:
Enter note:
Enter note: You shoot an arrow.
The arrow hits the kobold!
You kill the kobold!
h - a scroll of identify You open the door.
There is an open door here.
Found a stone staircase leading up.
Enter note:
Enter note:
Enter note: An ogre comes into view. It is wielding a +0 giant spiked club.
Found a potion of berserk rage and a kite shield.
You shoot an arrow. The arrow hits the ogre.
The ogre shouts!
The ogre is moderately wounded.
A bat comes into view.
You shoot an arrow. The arrow hits the bat.
The bat is heavily wounded.
A hobgoblin comes into view.
You shoot an arrow. The arrow closely misses the bat.
The bat barely misses you.
You shoot an arrow. The arrow closely misses the ogre.
The bat closely misses you.
You shoot an arrow. The arrow hits the bat.
You kill the bat!
You shoot an arrow. The arrow hits the ogre!
The ogre is heavily wounded.
The ogre hits you with a +0 giant spiked club!!
Ouch! That really hurt!
1230 ||| DRINKING potion of heal wounds.
You feel much better.
The ogre hits you with a +0 giant spiked club!!
Ouch! That really hurt!
You die...

#...........#######.#
#...................#
#.........<.#########
#...........#
#...........#
#######'##### #.#
###.#######
#..@....<..
###Og###### .#.# ..
.. .#. .#. .... ....
!# #. .# #. [. .. ..
..


You could see an ogre and a hobgoblin.

Vanquished Creatures
  3 gnolls (D:2)
  2 dart slugs
  2 ball pythons (D:1)
  An endoplasm (D:1)
  A giant cockroach (D:1)
  3 goblins (D:1)
  3 hobgoblins (D:1)
  7 jackals
  A quokka (D:1)
  7 bats
  4 frilled lizards
  4 kobolds
38 creatures vanquished.

Notes
Turn   | Place    | Note
-------+----------+-------------------------------------------
     0 | D:1      | qw the Deep Elf Hunter began the quest for the Orb.
     0 | D:1      | Reached XP level 1. HP: 12/12 MP: 3/3
     0 | D:1      | 0 ||| qw: Version: 0.3-a-160-g6735b56
     0 | D:1      | 0 ||| qw: Game counter: 6341
     0 | D:1      | 0 ||| qw: Melee chars always use a shield: true
     0 | D:1      | 0 ||| qw: God list: Okawaru
     0 | D:1      | 0 ||| qw: Allow faded altars: false
     0 | D:1      | 0 ||| qw: Do Orc after clearing Dungeon:15 true
     0 | D:1      | 0 ||| qw: Do second Lair branch before Depths: true
     0 | D:1      | 0 ||| qw: Lair rune preference: random
     0 | D:1      | 0 ||| qw: Goals: Normal
     0 | D:1      | 0 ||| PLANNING D:1-11
   284 | D:1      | Reached skill level 6 in Ranged Weapons
   284 | D:1      | Reached XP level 2. HP: 16/16 MP: 4/4
   678 | D:1      | Reached XP level 3. HP: 13/20 MP: 5/5
   885 | D:1      | 885 ||| UPGRADING to +0 ring mail.
   895 | D:1      | 895 ||| DROPPING +0 leather armour.
   896 | D:1      | 896 ||| READING 3 scrolls labelled VEITRI NOUF.
   896 | D:1      | 896 ||| IDENTIFYING silvery potion
   897 | D:1      | 897 ||| READING 2 scrolls of identify.
   897 | D:1      | 897 ||| IDENTIFYING metallic dark potion
   898 | D:1      | 898 ||| READING scroll of identify.
   898 | D:1      | 898 ||| IDENTIFYING fizzy brown potion
   899 | D:1      | 899 ||| DRINKING 2 metallic cyan potions.
   900 | D:1      | 900 ||| DROPPING scroll of butterflies.
   901 | D:1      | 901 ||| DROPPING potion of brilliance.
   902 | D:1      | 902 ||| DROPPING potion of berserk rage.
  1031 | D:2      | Reached skill level 7 in Ranged Weapons
  1040 | D:2      | Reached XP level 4. HP: 22/25 MP: 6/6
  1223 | D:2      | Noticed an ogre
  1229 | D:2      | HP: 2/25 [ogre/+0 giant spiked club (23)]
  1230 | D:2      | 1230 ||| DRINKING potion of heal wounds.
  1230 | D:2      | Mangled by an ogre

Levels and vault maps discovered:
D:1:      mrwooster_arrival_statue, layout_loops_corners, minmay_octomino_j4
D:2:      layout_basic, shapermc_ecumenical_altar_pompeii, basic_altar,
          st_stairs_12

Skill      XL: |  1  2  3 |
---------------+----------+-----
Ranged Weapons | 6 7 |  7.5
Fighting       | |  1.5
Dodging        | |  2.4
Stealth        | |  1.2

Action                     |  1- 3 |  4- 6 || total
---------------------------+-------+-------++-------
   Fire: Shortbow          |   110 |    12 ||   122
    Use: Scroll            |     3 |       ||     3
         Potion            |     1 |     1 ||     2
 Armour: Leather armour    |    14 |       ||    14
         Ring mail         |     4 |     4 ||     8
  Dodge: Dodged            |    17 |     2 ||    19

Table legend:
 A = Non-vault XP
 B = Vault XP
 C = Vault XP percentage of total XP
 D = Non-vault monster count
 E = Vault monster count
 F = Vault count percentage of total count
                 A         B        C        D         E       F
            +---------+---------+-------+---------+---------+-------
      Total |      99 |       5 |   4.8 |      35 |       3 |   7.9
            +---------+---------+-------+---------+---------+-------
        D:1 |      44 |       3 |   6.4 |      25 |       2 |   7.4
        D:2 |      55 |       2 |   3.5 |      10 |       1 |   9.1
            +---------+---------+-------+---------+---------+-------
